Map: Green Acres

Players

A.I. 1 (Harder)

  • Race: Zerg Zerg
  • Spawn Location: 9:00

larsgj - Winner!

  • Race: Terran Terran
  • Spawn Location: 12:00

VOD

Have the link to the VOD?

Description

Time

  • Played on: Aug. 6, 2022, 12:26 p.m.
  • Length: 23:06
Show
View Real Time Build Order
Export as new Build Order

A.I. 1 (Harder) Zerg 

Build Orders: 1 Base Baneling Bust, Pool First 

Get SALT Encoding   

  12  0:00  Drone  
  13  0:12  Overlord  
  13  0:17  Drone  
  14  0:30  Drone  
  14  0:31  Drone  
  16  0:43  Spawning Pool  
  16  0:45  Drone  
  16  0:49  Drone  
  17  0:52  Extractor  
  17  0:55  Drone  
  17  1:06  Overlord  
  17  1:30  Queen  
  17  1:31  Zergling x2  
  20  1:35  Roach Warren  
  20  1:37  Zergling x2  
  20  1:38  Drone  
  21  1:42  Extractor  
  20  1:49  Drone  
  21  2:00  Drone  
  22  2:10  Overlord  
  22  2:21  Drone  
  23  2:32  Roach  
  23  2:36  Drone  
  26  2:38  Roach  
  26  2:43  Overlord  
  28  2:44  Roach  
  30  2:55  Roach  
  34  3:05  Roach  
  34  3:08  Overlord  
  34  3:11  Roach  
  36  3:17  Roach  
  38  3:22  Roach  
  40  3:27  Drone  
  41  3:38  Drone  
  41  3:39  Baneling Nest  
  41  3:40  Roach, Drone  
  44  3:43  Drone  
  45  3:50  Drone  
  46  4:00  Overlord  
  46  4:05  Evolution Chamber  
  45  4:11  Drone  
  45  4:13  Roach, Drone x2  
  50  4:59  Lair, Zerg Melee Weapons Level 1  
  50  5:30  Overlord  
  49  5:43  Spore Crawler, Zergling x2  
  48  5:51  Spore Crawler  
  48  5:53  Drone  
  48  5:57  Burrow  
  48  5:59  Drone, Hydralisk Den  
  48  6:01  Infestation Pit  
  48  6:02  Drone  
  48  6:15  Spine Crawler  
  48  6:17  Drone  
  48  6:20  Overseer  
  48  6:23  Overseer  
  48  6:25  Spine Crawler  
  47  6:27  Hydralisk, Drone  
  50  6:33  Hatchery  
  50  6:35  Hydralisk  
  51  6:43  Swarm Host  
  54  6:51  Swarm Host  
  54  6:53  Zerg Ground Armor Level 1  
  57  6:58  Hydralisk  
  59  7:01  Spire  
  59  7:06  Evolution Chamber  
  59  7:07  Queen  
  59  7:32  Zerg Missile Weapons Level 1  
  59  7:45  Queen, Drone  
  59  7:46  Drone x3  
  59  7:47  Drone x2  
  67  7:53  Drone  
  68  7:58  Extractor  
  68  7:59  Drone, Spore Crawler  
  68  8:01  Spore Crawler  
  66  8:06  Drone  
  66  8:09  Drone  
  68  8:14  Overlord  
  68  8:17  Drone  
  69  8:20  Drone  
  69  8:22  Drone  
  69  8:25  Drone  
  72  8:28  Drone  
  72  8:30  Drone  
  72  8:33  Drone  
  75  8:39  Overlord  
  76  8:41  Drone  
  76  8:44  Drone  
  76  8:46  Drone  
  78  8:49  Drone  
  78  8:51  Drone  
  78  8:53  Drone  
  81  8:58  Infestor  
  83  9:11  Hatchery  
  83  9:14  Overlord  
  82  9:18  Infestor  
  84  9:24  Infestor  
  84  9:30  Zergling x2  
  82  9:33  Hive  
  82  9:36  Infestor  
  70  9:45  Roach  
  70  9:50  Overseer  
  70  9:51  Roach, Pneumatized Carapace  
  72  10:09  Roach  
  74  10:14  Extractor, Roach  
  74  10:20  Roach  
  77  10:33  Infestor  
  77  10:34  Drone  
  77  10:35  Extractor x2  
  78  10:36  Overseer  
  78  10:38  Drone  
  78  10:40  Drone  
  80  10:43  Drone  
  80  10:44  Drone, Viper  
  80  10:47  Drone  
  80  10:49  Overlord, Drone  
  87  10:52  Infestor  
  89  11:05  Infestor  
  89  11:07  Drone x3, Overlord  
  89  11:08  Drone x2  
  89  11:11  Drone  
  97  11:13  Drone  
  97  11:15  Drone  
  97  11:16  Infestor  
  101  11:25  Drone, Infestor  
  101  11:26  Overlord, Drone x2  
  101  11:27  Drone  
  101  11:29  Drone  
  101  11:30  Drone  
  109  11:33  Drone  
  109  11:37  Viper  
  113  11:44  Overlord  
  113  11:47  Zerg Melee Weapons Level 2  
  113  12:01  Zerg Ground Armor Level 2  
  113  12:10  Spine Crawler  
  113  12:11  Drone  
  113  12:12  Spine Crawler  
  113  12:14  Drone  
  113  12:17  Spore Crawler  
  113  12:18  Drone  
  113  12:19  Spore Crawler  
  113  12:21  Drone, Pathogen Glands  
  113  12:24  Queen, Overlord  
  113  12:26  Glial Reconstitution  
  115  12:33  Zerg Flyer Weapons Level 1  
  115  12:44  Drone, Spine Crawler  
  114  12:46  Spine Crawler  
  114  12:47  Drone  
  115  12:59  Ultralisk Cavern  
  115  13:01  Mutalisk  
  116  13:18  Corruptor  
  118  13:32  Mutalisk  
  114  13:38  Mutalisk  
  103  13:43  Overlord  
  103  13:47  Overseer  
  91  13:56  Viper  
  91  14:02  Overlord  
  90  14:08  Mutalisk  
  92  14:14  Mutalisk  
  92  14:15  Overseer  
  94  14:19  Mutalisk  
  94  14:20  Drone, Overlord  
  97  14:25  Mutalisk  
  97  14:28  Greater Spire  
  97  14:31  Corruptor  
  101  14:44  Overlord  
  101  14:46  Hatchery  
  101  14:48  Drone  
  101  14:55  Viper  
  104  15:30  Overseer  
  104  15:31  Overlord  
  104  15:39  Zerg Flyer Armor Level 1  
  104  15:40  Brood Lord  
  104  15:41  Corruptor, Brood Lord  
  110  15:51  Overlord, Corruptor  
  112  15:58  Queen  
  112  16:04  Extractor  
  113  16:05  Drone, Spore Crawler  
  113  16:06  Drone  
  113  16:07  Spore Crawler  
  113  16:08  Drone  
  113  16:10  Spore Crawler  
  113  16:11  Drone  
  114  16:12  Extractor  
  114  16:13  Drone  
  114  16:19  Brood Lord  
  114  16:20  Corruptor  
  118  16:26  Zergling x2  
  118  16:31  Brood Lord  
  121  16:38  Ultralisk  
  121  16:42  Hydralisk  
  121  16:45  Overlord  
  119  16:48  Ultralisk  
  115  16:54  Overlord  
  115  16:59  Overseer  
  115  17:03  Spine Crawler  
  115  17:05  Spine Crawler  
  113  17:12  Overlord, Ultralisk  
  119  17:16  Overseer  
  119  17:30  Hydralisk, Overlord  
  119  17:33  Queen  
  119  17:35  Hydralisk  
  123  17:48  Overlord  
  123  17:49  Ultralisk  
  129  17:54  Ultralisk  
  135  18:04  Hydralisk  
  135  18:09  Overlord, Ultralisk  
  134  18:14  Ultralisk  
  134  18:19  Hydralisk  
  140  18:24  Hydralisk  
  140  18:25  Drone  
  140  18:26  Drone, Queen  
  140  18:27  Overlord, Queen, Drone  
  139  18:29  Hydralisk  
  134  18:34  Hydralisk  
  134  18:39  Hydralisk, Drone  
  138  18:45  Zergling x2  
  138  18:47  Overlord  
  139  18:49  Hydralisk  
  139  18:54  Hydralisk, Ultralisk  
  141  18:59  Ultralisk  
  141  19:05  Overlord  
  137  19:12  Queen  
  137  19:14  Zergling x2  
  127  19:17  Evolution Chamber  
  127  19:18  Hydralisk, Drone  
  127  19:23  Hydralisk  
  121  19:28  Hydralisk  
  108  19:31  Drone, Queen  
  108  19:32  Drone  
  108  19:33  Zergling x2  
  105  19:45  Drone  
  83  19:48  Drone  
  83  19:49  Drone  
  83  19:52  Hydralisk  
  79  19:54  Queen  
  79  19:55  Hydralisk, Overseer  
  79  19:56  Hatchery  
  79  19:59  Hydralisk  
  73  20:00  Queen  
  73  20:03  Zergling x2  
  73  20:06  Lair  
  73  20:09  Overlord  
  73  20:10  Spore Crawler  
  73  20:13  Evolution Chamber  
  71  20:20  Evolution Chamber  
  66  20:29  Overlord  
  66  20:31  Roach Warren  
  59  20:46  Spawning Pool  
  59  20:48  Overlord  
  52  21:07  Overlord  
  52  21:09  Drone x2, Hatchery  
  51  21:12  Drone x2  
  51  21:13  Hydralisk Den, Overseer  
  51  21:17  Infestation Pit  
  51  21:18  Drone  
  47  21:19  Drone  
  47  21:22  Drone x3  
  47  21:23  Drone, Evolution Chamber  
  47  21:24  Drone x4  
  47  21:25  Extractor, Drone x3  
  38  21:26  Drone x3, Overlord  
  38  21:27  Drone x3  
  38  21:28  Drone x2  
  38  21:29  Drone  
  39  21:33  Drone  
  39  21:34  Queen  
  39  21:35  Zergling x2  
  39  21:37  Extractor, Zergling x6  
  39  21:38  Zergling x2  
  28  21:40  Drone, Zergling x2  
  28  21:41  Drone x4  
  28  21:42  Drone x3  
  28  21:43  Hydralisk, Drone, Spore Crawler  
  28  21:44  Overlord, Overseer, Drone x3  
  28  21:45  Drone  
  32  21:48  Hydralisk  
  30  21:54  Hydralisk  
  30  21:57  Hydralisk  
  30  21:58  Drone, Zergling x2, Overseer  
  30  22:00  Drone, Roach Warren  
  30  22:03  Spore Crawler  
  30  22:06  Drone, Lurker Den  
  25  22:12  Drone  
  19  22:16  Drone  
  19  22:20  Overlord  
  15  22:26  Spawning Pool  
  15  22:27  Swarm Host  
  16  22:31  Hydralisk  
  18  22:38  Drone  
  18  22:42  Drone  
  19  22:49  Drone  
  17  22:53  Drone  
Show
View Real Time Build Order
Export as new Build Order

larsgj Terran - Winner!

Build Orders:  

Get SALT Encoding   

  12  0:17  SCV  
  13  0:24  Supply Depot  
  13  0:29  SCV  
  14  0:41  SCV  
  15  0:47  Barracks  
  15  0:58  SCV  
  15  0:59  Supply Depot  
  16  1:10  SCV  
  17  1:12  Engineering Bay  
  17  1:22  SCV  
  18  1:27  Refinery  
  18  1:39  Bunker  
  18  1:40  Marine  
  19  1:50  Barracks  
  19  1:58  Marine  
  20  2:04  SCV  
  21  2:16  Marine  
  22  2:33  Bunker  
  22  2:40  Barracks Tech Lab  
  22  2:42  Marine  
  23  2:55  Command Center  
  23  3:00  Marine  
  23  3:01  Combat Shield  
  23  3:04  Marine  
  25  3:18  Marine  
  25  3:19  Terran Infantry Weapons Level 1  
  26  3:25  Refinery  
  26  3:31  SCV  
  27  3:36  Marine x2  
  29  4:08  SCV  
  30  4:17  Bunker  
  30  4:20  SCV, Concussive Shells  
  31  4:32  Barracks Tech Lab  
  32  4:42  Marauder  
  33  4:47  Bunker  
  33  5:03  Marauder  
  35  5:13  Neosteel Armor  
  35  5:24  Marauder  
  37  5:29  Bunker  
  37  5:40  Marine  
  38  6:21  Supply Depot  
  38  6:29  Orbital Command  
  38  6:42  Marine, SCV  
  38  6:43  Marauder, Supply Depot  
  42  6:50  Missile Turret  
  42  6:53  Terran Infantry Armor Level 1  
  42  6:55  SCV  
  42  7:00  Marine  
  44  7:04  Marine  
  44  7:06  Supply Depot  
  44  7:07  SCV  
  46  7:11  Missile Turret  
  46  7:18  Marine  
  46  7:19  SCV  
  46  7:21  Marine  
  49  7:31  SCV  
  49  7:36  Marauder  
  52  7:40  Missile Turret  
  52  7:43  SCV  
  53  7:55  SCV  
  54  8:00  Missile Turret  
  54  8:04  Missile Turret  
  54  8:09  SCV  
  55  8:16  SCV  
  56  8:21  Missile Turret  
  56  8:24  Missile Turret  
  56  8:25  Refinery  
  56  8:28  SCV  
  56  8:29  Refinery  
  57  8:40  SCV  
  58  8:42  Missile Turret  
  58  8:43  Supply Depot  
  58  8:46  Missile Turret  
  58  8:47  Hi-Sec Auto Tracking  
  58  8:50  Supply Depot  
  58  8:52  SCV  
  59  9:02  Factory  
  59  9:03  Missile Turret  
  59  9:04  SCV  
  59  9:07  Missile Turret  
  59  9:09  SCV  
  61  9:12  Supply Depot  
  61  9:16  SCV  
  62  9:21  SCV  
  63  9:28  SCV  
  64  9:35  Supply Depot  
  61  9:40  SCV  
  60  9:49  Marine x2  
  62  9:55  Bunker  
  62  10:01  Starport  
  62  10:06  Marine  
  62  10:07  Marine  
  63  10:13  Armory  
  64  10:22  SCV  
  64  10:25  Marauder x2  
  69  10:34  SCV  
  70  10:46  Marine, Marauder, SCV  
  76  11:04  Marauder  
  76  11:07  Marine  
  76  11:08  Starport Tech Lab  
  77  11:12  Starport  
  77  11:22  Fusion Core  
  77  11:25  Marine x2  
  79  11:28  Missile Turret  
  79  11:43  Marine x2  
  81  11:51  Bunker  
  81  12:00  Marine  
  81  12:01  Marine  
  83  12:06  Starport Tech Lab  
  83  12:18  Marine x2, Supply Depot  
  85  12:24  Bunker  
  85  12:36  Marine  
  86  12:40  Marine, Supply Depot, Battlecruiser  
  93  12:49  Orbital Command  
  93  13:04  Supply Depot  
  93  13:26  Supply Depot  
  93  13:44  Battlecruiser  
  99  13:51  Battlecruiser, Supply Depot  
  105  14:18  Missile Turret  
  105  14:48  Battlecruiser  
  111  14:56  Battlecruiser  
  117  15:02  Starport  
  117  15:04  Weapon Refit  
  117  15:10  Terran Vehicle And Ship Armor Level 1  
  117  15:12  Terran Infantry Weapons Level 2  
  117  15:46  Starport Tech Lab  
  117  15:53  Battlecruiser  
  123  16:00  Battlecruiser  
  129  16:23  Command Center  
  128  16:38  Refinery  
  128  16:41  Refinery  
  128  16:57  Battlecruiser  
  134  17:04  Battlecruiser, Terran Ship Weapons Level 1  
  140  17:15  Missile Turret  
  140  17:28  Terran Infantry Armor Level 2  
  140  17:34  Battlecruiser  
  140  17:36  Missile Turret  
  146  17:56  Missile Turret  
  146  18:01  Battlecruiser  
  152  18:08  Battlecruiser  
  158  18:16  Missile Turret  
  158  18:35  Missile Turret  
  158  18:54  Missile Turret  
  158  19:14  Missile Turret  
  158  19:18  Battlecruiser x2  
  158  19:19  Battlecruiser  
  158  19:21  Terran Vehicle And Ship Armor Level 2  
  170  19:35  Missile Turret  
  170  19:56  Missile Turret  
  170  20:16  Missile Turret  
  170  20:23  Battlecruiser  
  164  20:37  Missile Turret  
  164  20:59  Missile Turret  
  164  21:19  Missile Turret  
  164  21:27  Battlecruiser x3  
  182  21:38  Orbital Command  
Tags
 
Add a new tag
Caveats
  • Supply blocks, unpowered buildings, or Contaminate may cause inaccurate times.
  • Supply counts are checked every 10 seconds.